 Dungeon Crawl Stone Soup version 0.30.1-4-g462c640d31 (webtiles) character file.

Game seed: 8639938684235327138

2048 growler the Fighter (level 9, 0/81 HPs)
             Began as a Demonspawn Gladiator on Aug 14, 2023.
             Was an Initiate of Gozag.
             Killed from afar by an electric eel (7 damage)
             ... with a bolt of electricity
             ... on level 7 of the Dungeon.
             The game lasted 00:19:31 (7529 turns).

growler the Fighter (Demonspawn Gladiator)          Turns: 7529, Time: 00:19:32

Health: 0/81       AC:  6    Str: 15    XL:     9   Next: 4%
Magic:  9/9        EV: 15    Int: 13    God:    Gozag
Gold:   676        SH:  0    Dex: 21    Spells: 8/8 levels left

rFire   . . .        a - +0 war axe
rCold   . . .        (no shield)
rNeg    . . .        b - +0 leather armour
rPois   .            c - +0 helmet
rElec   .            w - +0 cloak
rCorr   .            (gloves unavailable)
SInv    .            n - +0 pair of boots
Will    +....        (no amulet)
Stlth   ++           m - +6 ring of dexterity
HPRegen 0.33/turn    z - ring of willpower
MPRegen 0.22/turn

%: no passive effects
@: lethally poisoned (0 -> -5)
A: repulsion field 1, magic regeneration, demonic touch 3
a: Renounce Religion, Potion Petition, Call Merchant, Bribe Branch


You were on level 7 of the Dungeon.
You worshipped Gozag.
Gozag was pleased with you.
You visited 2 branches of the dungeon, and saw 8 of its levels.

You collected 794 gold pieces.
You paid 118 gold pieces to Gozag.

Inventory:

Hand Weapons
 a - a +0 war axe (weapon)
Missiles
 d - 5 throwing nets (quivered)
 e - 7 javelins
Armour
 b - a +0 leather armour (worn)
 c - a +0 helmet (worn)
 j - a +2 buckler
 k - a +1 helmet
 n - a +0 pair of boots (worn)
 w - a +0 cloak (worn)
Jewellery
 h - a +4 ring of slaying
 m - a +6 ring of dexterity (left hand)
 s - a ring of protection from cold
 z - a ring of willpower (right hand)
Wands
 y - a wand of flame (37)
Scrolls
 g - a scroll of poison
 l - a scroll of teleportation
 p - a scroll of enchant armour {unknown}
 t - a scroll of enchant weapon {unknown}
 v - a scroll of vulnerability {unknown}
Potions
 f - a potion of mutation
 i - 3 potions of brilliance
 o - a potion of might
 r - 3 potions of berserk rage {unknown}
 u - a potion of haste {unknown}


   Skills:
 - Level 11.0 Fighting
 + Level 5.2 Axes
 - Level 1.7 Throwing
 - Level 2.6 Dodging


You had 8 spell levels left.
You didn't know any spells.
Your spell library contained the following spells:

 Spells                   Type           Power      Damage    Failure   Level
 Magic Dart               Conj           0%         1d3       36%         1
 Searing Ray              Conj           0%         2d4       50%         2
 Sublimation of Blood     Necr           0%         N/A       50%         2
 Ozocubu's Armour         Ice            0%         N/A       75%         3
 Fulminant Prism          Conj/Hex       0%         3d5       98%         4
 Petrify                  Tmut/Erth      0%         N/A       98%         4
 Irradiate                Conj/Tmut      0%         3d11      100%        5
 Ozocubu's Refrigeration  Ice            0%         4d7       100%        7


Dungeon Overview and Level Annotations

Branches:
Dungeon (7/15)             Temple (1/1) D:5

Altars:
Ashenzari
Cheibriados
Dithmenos
Fedhas
Gozag
Hepliaklqana
Makhleb
Okawaru
Qazlal
Ru
Sif Muna
Trog
Uskayaw
Vehumet
Wu Jian
Xom
Yredelemnul

Shops:
D:1 [   D:3 (   D:5 [

Annotations:
D:6 2 runed translucent doors


Innate Abilities, Weirdness & Mutations

You are surrounded by a mild repulsion field. (EV +2)
You regenerate magic rapidly.
Your touch may irresistibly damage your foes and sap their willpower.


Message History

The hornet stings you but does no damage.
You can move again.
As you read the scroll of summoning, it crumbles to dust.
Wisps of shadow whirl around you...
You feel extremely sick. The hornet completely misses you.
The hornet misses you.
You swap places.
* * * LOW HITPOINT WARNING * * *
You feel extremely sick. The hornet completely misses your orc.
The hornet stings your orc!
Your orc dies!
Your orc's corpse dissolves into shadows!
The white imp grins evilly.
Your orc closely misses the white imp.
You swap places.
* * * LOW HITPOINT WARNING * * *
You feel very sick.
The hornet completely misses your phantom.
Your phantom hits the hornet but does no damage.
Your orc barely misses the white imp.
The hornet stings your phantom!
Your orc barely misses the white imp.
Your phantom barely misses the hornet.
Okay, then.
As you read the scroll of teleportation, it crumbles to dust.
You feel strangely unstable.
* * * LOW HITPOINT WARNING * * *
You feel very sick. The hornet stings your phantom! x2
Your phantom is destroyed!
Your phantom dissolves into shadows!
Your orc barely misses the white imp.
You feel yourself speed up.
Your surroundings suddenly seem different.
* * * LOW HITPOINT WARNING * * *
You feel very sick.
The white imp laughs crazily.
The white imp hits your orc. The white imp freezes your orc.
The electric eel shoots out a bolt of lightning at you!
The bolt of electricity hits you!
You die...
Your body crumbles into a pile of gold.

....<#~≈♣♣♣≈~≈
######.≈≈≈≈≈~≈≈≈≈≈.≈≈≈≈
.....#..~..~.~~..~.....
####.#.≈≈≈≈≈.≈≈≈ ≈~≈≈≈
#.#~≈♣♣♣≈~≈♣ ≈~≈♣
#..~≈♣ ♣≈~≈♣ ≈.≈♣
#.#~≈♣♣♣≈.≈♣♣♣≈O≈♣♣♣≈
#.#.≈≈≈≈≈~≈≈≈≈≈~≈≈≈≈≈
#......~.~~.S@..~~...
#########.#.#.###....
#.#.o......##
#.###.###### #.###o#
#.oy5.# #######


You could see an ogre, an electric eel, a white imp (ally target) and 2 friendly
orcs.

Vanquished Creatures
  2 steam dragons (D:7)
  An orc warrior (D:6)
  A black bear (D:7)
  Blork the orc (D:6)
  5 scorpions
  5 wights
  3 killer bees (D:7)
  2 electric eels (D:7)
  2 howler monkeys (D:6)
  An orc priest (D:6)
  2 hounds
  A jelly (D:5)
  A gnoll bouda (D:7)
  2 iguanas
  A sleepcap (D:4)
  2 orc wizards
  11 gnolls
  11 adders
  2 shadow imps
  4 white imps
  2 ufetubi
  3 dart slugs
  27 orcs
  2 ball pythons
  5 endoplasms
  3 giant cockroaches
  10 hobgoblins
  8 jackals (D:1)
  5 quokkas
  7 bats
  5 frilled lizards
  12 goblins
  6 kobolds
  4 rats
159 creatures vanquished.

Vanquished Creatures (collateral kills)
  An orc wizard (D:6)
  An orc (D:6)
2 creatures vanquished.

Grand Total: 161 creatures vanquished

Notes
Turn   | Place    | Note
-------+----------+-------------------------------------------
     0 | D:1      | growler the Demonspawn Gladiator began the quest for the
                  | Orb.
     0 | D:1      | Reached XP level 1. HP: 16/16 MP: 1/1
   151 | D:1      | Gained mutation: Your touch may inflict minor irresistible
                  | damage on your foes. [demonic ancestry]
   151 | D:1      | Reached XP level 2. HP: 23/23 MP: 2/2
   198 | D:1      | Reached skill level 3 in Fighting
   471 | D:1      | Found Ityetec's Armour Emporium.
   644 | D:2      | Gained mutation: Your touch may inflict irresistible damage
                  | on your foes. [demonic ancestry]
   644 | D:2      | Reached XP level 3. HP: 29/29 MP: 3/3
   771 | D:2      | Reached skill level 4 in Fighting
  1098 | D:2      | Gained mutation: You are surrounded by a mild repulsion
                  | field. (EV +2) [demonic ancestry]
  1098 | D:2      | Reached XP level 4. HP: 32/38 MP: 4/4
  1912 | D:3      | Reached skill level 5 in Fighting
  2056 | D:3      | Reached XP level 5. HP: 35/44 MP: 5/5
  2133 | D:3      | Found Xesoibes's Antique Weapon Shoppe.
  2509 | D:4      | Reached skill level 6 in Fighting
  2587 | D:4      | Gained mutation: You regenerate magic rapidly. [demonic
                  | ancestry]
  2587 | D:4      | Reached XP level 6. HP: 48/53 MP: 6/6
  3008 | D:4      | Reached skill level 7 in Fighting
  3077 | D:5      | Entered Level 5 of the Dungeon
  3452 | D:5      | Found a staircase to the Ecumenical Temple.
  3459 | Temple   | Entered the Ecumenical Temple
  3846 | Temple   | Became a worshipper of Gozag Ym Sagoz the Greedy
  3929 | D:5      | Found Kaolaniask's Armour Shop.
  4260 | D:6      | Noticed Blork the orc
  4277 | D:6      | Killed Blork the orc
  4278 | D:6      | Reached XP level 7. HP: 61/61 MP: 7/7
  4358 | D:6      | Reached skill level 8 in Fighting
  5019 | D:6      | Reached skill level 9 in Fighting
  5196 | D:6      | HP: 2/96 [orc warrior/+0 glaive (12)]
  5451 | D:6      | Gained mutation: Your touch may irresistibly damage your
                  | foes and sap their willpower. [demonic ancestry]
  5451 | D:6      | Reached XP level 8. HP: 51/71 MP: 8/8
  5798 | D:6      | Found a large runed translucent door.
  5799 | D:6      | Found a large runed translucent door.
  6081 | D:7      | Reached skill level 10 in Fighting
  6699 | D:7      | Reached skill level 11 in Fighting
  7356 | D:7      | Reached skill level 5 in Axes
  7356 | D:7      | Reached XP level 9. HP: 40/81 MP: 9/9
  7524 | D:7      | Paralysed by a hornet for 2 turns
  7529 | D:7      | Killed from afar by an electric eel

Illustrated notes

Levels and vault maps discovered:
D:1:      psy_arrival_whirlpool, layout_rooms, serial_shops,
          nicolae_lakefront_shop
D:2:      cheibrodos_greedy_goblins, layout_basic
D:3:      layout_rooms, serial_shops, nicolae_shop_tiny_statue_garden,
          minmay_puff
D:4:      layout_rooms
D:5:      layout_loops_ring, temple_fountains, chequers_ossuary_entry_cave,
          serial_shops, shop_fountains, serial_bayou_crossing
D:6:      layout_basic, jmf_multi_god_temple2, kennysheep_decorative_pillar,
          uniq_blork_the_orc
D:7:      layout_basic, kennysheep_boxes, uniq_crazy_yiuf_cottage
Temple:   mainiacjoe_temple_big_plus

Skill      XL: |  1  2  3  4  5  6  7  8 |
---------------+-------------------------+-----
Fighting       | 3 4 5 6 7 9 11 | 11.0
Axes           | 5 |  5.2
Throwing       | |  1.7
Dodging        | |  2.6

Action                     |  1- 3 |  4- 6 |  7- 9 || total
---------------------------+-------+-------+-------++-------
  Melee: War axe           |   113 |   173 |   160 ||   446
         Punch             |     1 |       |       ||     1
         Touch             |    11 |    31 |    31 ||    73
  Evoke: Wand              |       |       |     3 ||     3
    Use: Scroll            |       |     5 |     7 ||    12
         Potion            |       |       |     6 ||     6
   Stab: Sleeping          |     1 |       |     1 ||     2
         Distracted        |       |       |     1 ||     1
 Armour: Leather armour    |    30 |    49 |    47 ||   126
         Skin              |       |       |     8 ||     8
  Dodge: Dodged            |   100 |   148 |   169 ||   417
